[ AOE2 MATCH · #506453510 ]
UnrankedMagyars vs Italians
Player's team · WIN
Rival team · LOSS
[ REPLAY ANALYSIS · EXTRACTED FROM THE RECORDED GAME ]
Feudal
10:31
Castle
14:30
Imperial
35:47
| APM avg | 57.8 |
| APM peak | 97 |
| eAPM avg | 31.4 |
| Villagers / military | 197 / 140 |
Focus
⚔️ 45.5% · 🌾 54.5%
Skirmisher ×40 · Magyar Huszar ×32 · Cavalry Archer ×31 · Battering Ram ×20 · Trebuchet (Packed) ×6 · Mangonel ×5
Feudal
8:53
Castle
21:13
Imperial
26:07
| APM avg | 54.0 |
| APM peak | 86 |
| eAPM avg | 31.3 |
| Villagers / military | 134 / 177 |
Focus
⚔️ 40.8% · 🌾 59.2%
Genoese Crossbowman ×62 · Skirmisher ×47 · Hand Cannoneer ×38 · Archer ×14 · Unknown (882) ×9 · Bombard Cannon ×8
Match map
Initial resources + every placement click. Lines = walls · curves = elevation contours. ◆ gold · ⬟ stone · ● berries · ✦ relic · ◌ wall gap
Your base· ✓ Closed at 14:30 · 3t walls · 2 gate(s)
PNAL | Miller's base· ✓ Closed at 21:13 · 13t walls · 2 gate(s)
Smoothed initial terrain · ◌ = detected wall gap · hover for details
Inputs per minute
— 北冥有鲲 - - PNAL | Miller
Build order — 北冥有鲲
First 150 of 540 actions detected
| 0:01 | Queue | Villager (Male) |
| 0:01 | Queue | Villager (Male) |
| 0:01 | Queue | Villager (Male) |
| 0:03 | Build | House |
| 0:04 | Build | House |
| 0:16 | Queue | Villager (Male) |
| 0:16 | Queue | Villager (Male) |
| 1:36 | Queue | Villager (Male) |
| 1:37 | Queue | Villager (Male) |
| 1:50 | Build | Lumber Camp |
| 2:00 | Queue | Villager (Male) |
| 2:00 | Queue | Villager (Male) |
| 2:15 | Queue | Villager (Male) |
| 2:15 | Queue | Villager (Male) |
| 2:48 | Queue | Villager (Male) |
| 2:48 | Queue | Villager (Male) |
| 2:59 | Queue | Villager (Male) |
| 3:00 | Queue | Villager (Male) |
| 3:26 | Build | House |
| 3:27 | Build | House |
| 3:28 | Build | House |
| 3:35 | Queue | Villager (Male) |
| 3:36 | Queue | Villager (Male) |
| 3:46 | Queue | Villager (Male) |
| 4:24 | Queue | Villager (Male) |
| 4:24 | Queue | Villager (Male) |
| 5:00 | Queue | Villager (Male) |
| 5:01 | Queue | Villager (Male) |
| 5:19 | Queue | Villager (Male) |
| 5:20 | Queue | Villager (Male) |
| 5:38 | Build | Mill |
| 5:48 | Queue | Villager (Male) |
| 5:49 | Queue | Villager (Male) |
| 5:58 | Build | Mill |
| 6:00 | Queue | Villager (Male) |
| 6:00 | Queue | Villager (Male) |
| 6:00 | Queue | Villager (Male) |
| 6:50 | Queue | Villager (Male) |
| 7:16 | Queue | Villager (Male) |
| 7:53 | Queue | Villager (Male) |
| 8:19 | Research | Feudal Age |
| 8:55 | Build | Farm |
| 9:28 | Build | Farm |
| 9:42 | Queue | Villager (Male) |
| 10:25 | Queue | Villager (Male) |
| 10:31 | Age | Feudal Age |
| 10:37 | Build | Market |
| 10:44 | Research | Loom |
| 10:51 | Build | Blacksmith |
| 11:20 | Build | Stone Wall |
| 11:29 | Build | Mining Camp |
| 11:50 | Research | Castle Age |
| 11:50 | Research | Castle Age |
| 11:52 | Research | Double-Bit Axe |
| 11:53 | Research | Double-Bit Axe |
| 12:13 | Build | Lumber Camp |
| 12:59 | Build | Farm |
| 13:01 | Build | Farm |
| 13:07 | Research | Horse Collar |
| 13:07 | Research | Horse Collar |
| 13:11 | Build | Stone Wall |
| 13:19 | Queue | Villager (Male) |
| 13:50 | Build | Farm |
| 13:53 | Build | Farm |
| 14:10 | Build | Stone Wall |
| 14:30 | Age | Castle Age |
| 14:37 | Queue | Villager (Male) |
| 15:14 | Build | Siege Workshop |
| 15:19 | Queue | Villager (Male) |
| 15:21 | Build | Town Center |
| 15:36 | Build | Farm |
| 15:38 | Queue | Villager (Male) |
| 16:03 | Queue | Villager (Male) |
| 16:04 | Queue | Villager (Male) |
| 16:17 | Build | House |
| 16:18 | Build | House |
| 16:29 | Queue | Villager (Male) |
| 16:30 | Queue | Villager (Male) |
| 16:31 | Queue | Villager (Male) |
| 16:44 | Queue | Mangonel |
| 16:45 | Queue | Mangonel |
| 16:53 | Build | House |
| 16:58 | Queue | Villager (Male) |
| 17:21 | Build | House |
| 17:24 | Queue | Villager (Male) |
| 17:53 | Queue | Villager (Male) |
| 17:58 | Queue | Villager (Male) |
| 17:58 | Queue | Villager (Male) |
| 18:02 | Queue | Mangonel |
| 18:09 | Build | Farm |
| 18:10 | Build | Farm |
| 18:17 | Build | Farm |
| 18:18 | Build | Farm |
| 18:23 | Queue | Villager (Male) |
| 18:44 | Build | Monastery |
| 18:48 | Queue | Villager (Male) |
| 18:48 | Queue | Villager (Male) |
| 18:55 | Build | Farm |
| 19:00 | Queue | Villager (Male) |
| 19:01 | Queue | Villager (Male) |
| 19:07 | Build | Farm |
| 19:08 | Build | Farm |
| 19:16 | Queue | Villager (Male) |
| 19:16 | Queue | Villager (Male) |
| 19:29 | Queue | Villager (Male) |
| 19:29 | Queue | Villager (Male) |
| 19:35 | Queue | Monk |
| 19:35 | Queue | Monk |
| 19:42 | Queue | Villager (Male) |
| 19:59 | Build | Farm |
| 20:00 | Build | Farm |
| 20:01 | Queue | Villager (Male) |
| 20:01 | Queue | Villager (Male) |
| 20:06 | Build | House |
| 20:07 | Build | House |
| 20:11 | Build | House |
| 20:14 | Build | House |
| 20:18 | Queue | Villager (Male) |
| 20:25 | Queue | Villager (Male) |
| 20:25 | Queue | Villager (Male) |
| 20:52 | Build | Castle |
| 20:59 | Queue | Villager (Male) |
| 20:59 | Queue | Villager (Male) |
| 21:03 | Queue | Monk |
| 21:04 | Queue | Villager (Male) |
| 21:05 | Queue | Villager (Male) |
| 21:18 | Queue | Villager (Male) |
| 21:18 | Queue | Villager (Male) |
| 21:18 | Queue | Villager (Male) |
| 21:24 | Queue | Villager (Male) |
| 21:49 | Queue | Villager (Male) |
| 21:52 | Build | Farm |
| 21:54 | Build | Farm |
| 21:57 | Research | Bow Saw |
| 21:57 | Research | Bow Saw |
| 22:00 | Build | House |
| 22:01 | Build | House |
| 22:01 | Build | House |
| 22:10 | Build | Town Center |
| 22:12 | Queue | Villager (Male) |
| 22:13 | Queue | Villager (Male) |
| 22:26 | Queue | Magyar Huszar |
| 22:26 | Queue | Magyar Huszar |
| 22:45 | Build | Farm |
| 22:45 | Build | Farm |
| 22:48 | Build | Farm |
| 22:49 | Build | Farm |
| 22:51 | Queue | Magyar Huszar |
| 22:51 | Queue | Magyar Huszar |
| 23:06 | Queue | Magyar Huszar |
Build order — PNAL | Miller
First 150 of 488 actions detected
| 0:01 | Queue | Villager (Male) |
| 0:01 | Queue | Villager (Male) |
| 0:01 | Queue | Villager (Male) |
| 0:02 | Queue | Villager (Male) |
| 0:02 | Build | House |
| 0:04 | Build | House |
| 0:40 | Build | Palisade Wall |
| 1:10 | Build | Palisade Wall |
| 1:17 | Build | Palisade Wall |
| 1:21 | Build | Palisade Wall |
| 1:23 | Build | Palisade Wall |
| 1:26 | Build | Palisade Wall |
| 1:29 | Build | Palisade Wall |
| 1:32 | Queue | Villager (Male) |
| 1:32 | Queue | Villager (Male) |
| 1:45 | Build | Lumber Camp |
| 1:59 | Queue | Villager (Male) |
| 2:00 | Queue | Villager (Male) |
| 2:27 | Queue | Villager (Male) |
| 2:54 | Queue | Villager (Male) |
| 2:54 | Queue | Villager (Male) |
| 3:08 | Queue | Villager (Male) |
| 3:09 | Queue | Villager (Male) |
| 3:30 | Queue | Villager (Male) |
| 3:49 | Build | House |
| 3:59 | Queue | Villager (Male) |
| 3:59 | Queue | Villager (Male) |
| 4:17 | Queue | Villager (Male) |
| 4:42 | Queue | Villager (Male) |
| 4:48 | Build | Mill |
| 4:56 | Queue | Villager (Male) |
| 5:20 | Queue | Villager (Male) |
| 5:43 | Build | Mining Camp |
| 6:00 | Research | Loom |
| 6:00 | Research | Loom |
| 6:18 | Research | Loom |
| 6:29 | Research | Feudal Age |
| 6:29 | Research | Feudal Age |
| 6:40 | Build | House |
| 7:21 | Build | Barracks |
| 7:35 | Queue | Villager (Male) |
| 7:36 | Queue | Villager (Male) |
| 8:53 | Age | Feudal Age |
| 8:55 | Build | Archery Range |
| 8:59 | Build | Watch Tower |
| 9:04 | Research | Double-Bit Axe |
| 9:08 | Queue | Villager (Male) |
| 9:32 | Queue | Archer |
| 9:41 | Build | Mining Camp |
| 9:46 | Queue | Archer |
| 9:53 | Queue | Villager (Male) |
| 9:55 | Build | House |
| 10:01 | Build | House |
| 10:19 | Queue | Archer |
| 10:35 | Queue | Villager (Male) |
| 10:53 | Queue | Archer |
| 10:53 | Queue | Villager (Male) |
| 11:17 | Queue | Villager (Male) |
| 11:19 | Build | Blacksmith |
| 11:23 | Build | House |
| 11:48 | Queue | Villager (Male) |
| 12:12 | Research | Fletching |
| 12:13 | Research | Fletching |
| 12:16 | Queue | Archer |
| 12:27 | Queue | Villager (Male) |
| 12:28 | Build | Mill |
| 12:31 | Queue | Archer |
| 12:56 | Build | Outpost |
| 13:00 | Queue | Villager (Male) |
| 13:05 | Build | Farm |
| 13:05 | Build | Farm |
| 13:06 | Build | Farm |
| 13:06 | Build | Farm |
| 13:06 | Build | Farm |
| 13:06 | Build | Farm |
| 13:06 | Build | Farm |
| 13:18 | Queue | Archer |
| 13:33 | Build | House |
| 13:41 | Queue | Villager (Male) |
| 13:42 | Queue | Archer |
| 13:48 | Build | House |
| 13:48 | Build | House |
| 14:02 | Build | Farm |
| 14:03 | Build | Farm |
| 14:03 | Build | Farm |
| 14:06 | Queue | Archer |
| 14:10 | Queue | Villager (Male) |
| 14:24 | Queue | Archer |
| 14:32 | Queue | Villager (Male) |
| 14:37 | Build | Farm |
| 14:39 | Build | Farm |
| 15:02 | Queue | Villager (Male) |
| 15:18 | Build | Farm |
| 15:18 | Build | Farm |
| 15:18 | Build | Farm |
| 15:18 | Build | Farm |
| 15:19 | Build | Farm |
| 15:30 | Queue | Villager (Male) |
| 15:48 | Queue | Villager (Male) |
| 15:49 | Build | Farm |
| 15:50 | Build | Farm |
| 16:01 | Build | Farm |
| 16:08 | Build | Watch Tower |
| 16:11 | Queue | Villager (Male) |
| 16:24 | Build | Farm |
| 16:29 | Queue | Villager (Male) |
| 16:35 | Build | Farm |
| 16:44 | Queue | Villager (Male) |
| 17:07 | Build | Watch Tower |
| 17:14 | Queue | Villager (Male) |
| 17:44 | Queue | Villager (Male) |
| 17:48 | Build | Market |
| 18:03 | Build | Watch Tower |
| 18:09 | Build | Watch Tower |
| 18:33 | Research | Castle Age |
| 18:33 | Research | Castle Age |
| 19:00 | Build | Lumber Camp |
| 19:02 | Build | House |
| 19:03 | Build | House |
| 19:19 | Queue | Archer |
| 19:28 | Build | Outpost |
| 19:38 | Queue | Villager (Male) |
| 19:48 | Queue | Villager (Male) |
| 20:41 | Queue | Villager (Male) |
| 21:13 | Age | Castle Age |
| 21:14 | Build | University |
| 22:13 | Build | Monastery |
| 22:25 | Queue | Villager (Male) |
| 22:57 | Research | Imperial Age |
| 22:57 | Research | Imperial Age |
| 22:59 | Build | Farm |
| 23:24 | Queue | Monk |
| 23:53 | Build | Siege Workshop |
| 23:55 | Queue | Archer |
| 23:55 | Queue | Archer |
| 23:55 | Queue | Archer |
| 24:05 | Build | Castle |
| 24:15 | Research | Bodkin Arrow |
| 24:16 | Research | Bodkin Arrow |
| 24:18 | Build | Farm |
| 24:20 | Research | Horse Collar |
| 24:21 | Queue | Villager (Male) |
| 25:06 | Build | Gate |
| 25:08 | Build | House |
| 25:10 | Build | House |
| 25:16 | Queue | Villager (Male) |
| 25:23 | Build | Gate |
| 25:29 | Build | Gate |
| 25:29 | Queue | Villager (Male) |
| 25:55 | Queue | Villager (Male) |
Match timeline
| 0:40 | PNAL | Miller · wall_segment Palisade Wall x7 |
| 1:10 | PNAL | Miller · wall_segment Palisade Wall x1 |
| 1:17 | PNAL | Miller · wall_segment Palisade Wall x1 |
| 1:21 | PNAL | Miller · wall_segment Palisade Wall x1 |
| 1:23 | PNAL | Miller · wall_segment Palisade Wall x1 |
| 1:26 | PNAL | Miller · wall_segment Palisade Wall x1 |
| 1:29 | PNAL | Miller · wall_segment Palisade Wall x1 |
| 7:21 | PNAL | Miller · first_building Barracks |
| 8:53 | PNAL | Miller · age_up feudal |
| 8:55 | PNAL | Miller · first_building Archery Range |
| 10:31 | 北冥有鲲 · age_up feudal |
| 11:20 | 北冥有鲲 · wall_segment Stone Wall x1 |
| 13:11 | 北冥有鲲 · wall_segment Stone Wall x1 |
| 14:10 | 北冥有鲲 · wall_segment Stone Wall x1 |
| 14:30 | 北冥有鲲 · age_up castle |
| 15:14 | 北冥有鲲 · first_building Siege Workshop |
| 18:27 | PNAL | Miller · first_market_buy 100 food |
| 18:44 | 北冥有鲲 · first_building Monastery |
| 20:52 | 北冥有鲲 · first_building Castle |
| 21:13 | PNAL | Miller · age_up castle |
| 21:49 | PNAL | Miller · first_market_sell 500 wood |
| 22:13 | PNAL | Miller · first_building Monastery |
| 23:53 | PNAL | Miller · first_building Siege Workshop |
| 24:05 | PNAL | Miller · first_building Castle |
| 24:39 | 北冥有鲲 · first_building Barracks |
| 26:07 | PNAL | Miller · age_up imperial |
| 26:20 | 北冥有鲲 · first_building Stable |
| 27:39 | PNAL | Miller · wall_segment Stone Wall x1 |
| 28:57 | PNAL | Miller · wall_segment Stone Wall x2 |
| 28:59 | PNAL | Miller · wall_segment Stone Wall x1 |
| 29:03 | PNAL | Miller · wall_segment Stone Wall x2 |
| 29:04 | PNAL | Miller · wall_segment Stone Wall x1 |
| 33:31 | 北冥有鲲 · first_building Archery Range |
| 35:47 | 北冥有鲲 · age_up imperial |
| 43:30 | 北冥有鲲 · first_market_sell 500 wood |
| 45:47 | 北冥有鲲 · wall_segment Stone Wall x8 |
| 48:25 | PNAL | Miller · resign |
[ AI ANALYSIS · 1 CREDIT ]
What really happened in this match?
Wolo.gg analyzes every decision: build order, eco, micro, common mistakes by bracket. Personalized analysis on WhatsApp or Discord in 30 seconds.
Civ guide
Magyars
Perfil
Jugador #9958595